 Dungeon Crawl Stone Soup version 0.28.0-43-g3370ac3207 (webtiles) character file.

Game seed: 792882075369158799

37 Ablot the Grasshopper (level 3, -2/31 HPs)
             Began as a Gnoll Warper on Mar 1, 2022.
             Slain by Robin
             ... wielding a +5 vampiric whip
              (5 damage)
             ... on level 2 of the Dungeon.
             The game lasted 00:02:49 (1885 turns).

Ablot the Grasshopper (Gnoll Warper)                Turns: 1885, Time: 00:02:50

Health: -2/31      AC:  4    Str: 12    XL:     3   Next: 41%
Magic:  7/9        EV: 12    Int: 12    God:
Gold:   58         SH:  0    Dex: 11    Spells: 10/12 levels left

rFire   . . .      SeeInvis .   q - +1 dagger (speed)
rCold   . . .      Faith    .   (no shield)
rNeg    . . .      Spirit   .   b - +0 leather armour
rPois   .          Reflect  .   (no helmet)
rElec   .          Harm     .   (no cloak)
rCorr   .          Rampage  .   e - +0 pair of gloves
Will    .....                   (no boots)
Stlth   +.........              (no amulet)
HPRegen 0.10/turn               (no ring)
MPRegen 0.11/turn               (no ring)

@: studying Staves
A: fangs 1, strong nose, distributed training
a: no special abilities


You were on level 2 of the Dungeon.
You visited 1 branch of the dungeon, and saw 3 of its levels.

You collected 58 gold pieces.

Inventory:

Hand Weapons
 a - a +0 spear
 q - a +1 dagger of speed (weapon)
Missiles
 d - 5 boomerangs of dispersal
 l - 16 arrows
 p - 22 stones (quivered)
Armour
 b - a +0 leather armour (worn)
 e - a +0 pair of gloves (worn)
Scrolls
 c - a scroll of blinking
 f - a scroll of noise {unknown}
 g - 3 scrolls of identify {unknown}
 h - a scroll of fear {unknown}
 i - 2 scrolls of teleportation {unknown}
 j - a scroll of enchant armour {unknown}
 k - a scroll of amnesia {unknown}
Potions
 m - 2 potions of berserk rage {unknown}
 n - 3 potions of heal wounds {unknown}
 o - a potion of might {unknown}


   Skills:
 + Level 4.5 Fighting
 + Level 0.8 Short Blades
 + Level 0.8 Long Blades
 + Level 0.8 Axes
 + Level 0.8 Maces & Flails
 + Level 4.5 Polearms
 + Level 1.2 Staves
 + Level 0.8 Slings
 + Level 0.8 Bows
 + Level 0.8 Crossbows
 + Level 2.6 Throwing
 + Level 2.6 Armour
 + Level 4.5 Dodging
 + Level 0.8 Stealth
 + Level 0.8 Shields
 + Level 0.8 Unarmed Combat
 + Level 5.0 Spellcasting
 + Level 0.5 Conjurations
 + Level 0.5 Hexes
 + Level 0.5 Summonings
 + Level 0.5 Necromancy
 + Level 5.4 Translocations
 + Level 0.5 Transmutations
 + Level 0.5 Fire Magic
 + Level 0.5 Ice Magic
 + Level 0.5 Air Magic
 + Level 0.5 Earth Magic
 + Level 0.5 Poison Magic
 + Level 1.0 Invocations
 + Level 0.8 Evocations


You had 10 spell levels left.
You knew the following spells:

 Your Spells              Type           Power      Damage    Failure   Level
a - Blink                 Tloc           32%        N/A       4%          2

Your spell library contained the following spells:

 Spells                   Type           Power      Damage    Failure   Level
 Gell's Gravitas          Tloc           16%        N/A       9%          3
 Lesser Beckoning         Tloc           16%        N/A       9%          3
 Teleport Other           Tloc           16%        N/A       9%          3
 Manifold Assault         Tloc           16%        N/A       58%         5


Dungeon Overview and Level Annotations

Branches:
Dungeon (3/15)

Altars:

Annotations:
D:2 Robin


Innate Abilities, Weirdness & Mutations

You have very sharp teeth.
Your uncanny sense of smell can sniff out nearby items.
Your experience applies equally to all skills.


Message History

Robin misses you.
The goblin shoots a sling bullet.
The sling bullet hits you.
You climb upwards.
There is a stone staircase leading down here.
You barely miss Robin. You bite Robin.
Robin is lightly wounded.
Robin says, "Feeling lonely?"
Robin hits you with a +5 vampiric whip. Robin draws strength from your wounds!
You hit Robin.
Robin is lightly wounded.
You hit Robin.
Robin is heavily wounded.
Robin misses you.
You hit Robin but do no damage.
Robin is heavily wounded.
Robin hits you with a +5 vampiric whip.
* * * LOW HITPOINT WARNING * * *
Robin draws strength from your wounds!
You hit Robin.
Robin is heavily wounded.
You hit Robin but do no damage. You bite Robin, but do no damage.
Robin is heavily wounded.
Robin hits you with a +5 vampiric whip.
* * * LOW HITPOINT WARNING * * *
Casting: Blink (safe; 4% risk of failure)
Confirm with . or Enter, or press ? or * to list all spells.
You blink.
Throw: 23 stones
Press: ? - help, Q - select action, (/) - cycle Shift-Dir - straight line, f - Robin
Aim: Robin, wielding a +5 vampiric whip, wearing a +0 animal skin and wearing a +0 helmet (heavily wounded, 67% to hit)
You throw a stone.
The stone hits Robin but does no damage.
Robin is heavily wounded.
You hit Robin.
Robin is severely wounded.
Unknown command.
You feel stable enough to blink again.
You hit Robin.
Robin is almost dead.
Robin hits you with a +5 vampiric whip.
You die...

#.#.#..........####..# #.
#.#.#.#.....##.# #..# #.
#.#.#.#....#...# #..# ##
#..#>..#..#....####..#
#####.###...###..........####
#....##.#....###.......#.....
#.###........#..#..###...####
#.# #......g#....#.# ##.##
#.# ##....##@....#.# #.# #.#
##.#..........# #.# #.#
#.#..######.#####.# # #.#
#.#.## #........# # #.# #.#.#
#..####### #
#.#####.#.######..# #
#.................# ##
###.####.########.##########.
#.# #.# #............


You could see Robin.

Vanquished Creatures
  5 bats
  4 endoplasms
  8 goblins (D:2)
  8 hobgoblins
  A kobold (D:2)
  2 quokkas
  2 frilled lizards
  A rat (D:1)
31 creatures vanquished.

Notes
Turn   | Place    | Note
-------+----------+-------------------------------------------
     0 | D:1      | Ablot the Gnoll Warper began the quest for the Orb.
     0 | D:1      | Reached XP level 1. HP: 20/20 MP: 6/6
   437 | D:1      | Reached XP level 2. HP: 26/26 MP: 7/7
   440 | D:1      | Learned a level 2 spell: Blink
   576 | D:1      | Found a faded altar of an unknown god.
  1196 | D:2      | Reached skill level 1 in Staves
  1395 | D:2      | Reached XP level 3. HP: 30/31 MP: 9/9
  1466 | D:2      | Reached skill level 5 in Spellcasting
  1657 | D:3      | Noticed Robin
  1841 | D:2      | Reached skill level 1 in Invocations
  1885 | D:2      | Slain by Robin

Illustrated notes

Levels and vault maps discovered:
D:1:      lemuel_arrival_lava_pool, layout_rooms, shapermc_ecumenical_altar_venn
D:2:      layout_loops_ring, minmay_misc_feat_chi
D:3:      cheibrodos_old_hovel, layout_loops_corners, uniq_robin

Skill      XL: |  1  2  3 |
---------------+----------+-----
Staves         | 1 |  1.2
Spellcasting   | 5 |  5.0
Invocations    | 1 |  1.0
Fighting       | |  4.5
Short Blades   | |  0.8
Long Blades    | |  0.8
Axes           | |  0.8
Maces & Flails | |  0.8
Polearms       | |  4.5
Slings         | |  0.8
Bows           | |  0.8
Crossbows      | |  0.8
Throwing       | |  2.6
Armour         | |  2.6
Dodging        | |  4.5
Stealth        | |  0.8
Shields        | |  0.8
Unarmed Combat | |  0.8
Conjurations   | |  0.5
Hexes          | |  0.5
Summonings     | |  0.5
Necromancy     | |  0.5
Translocations | |  5.4
Transmutations | |  0.5
Fire Magic     | |  0.5
Ice Magic      | |  0.5
Air Magic      | |  0.5
Earth Magic    | |  0.5
Poison Magic   | |  0.5
Evocations     | |  0.8

Action                   || total
-------------------------++-------
Melee: Spear             ||   105
       Bite              ||     7
       Punch             ||     2
       Dagger            ||    25
Throw: Stone             ||     1
 Cast: Blink             ||     1
 Stab: Sleeping          ||     3
Armor: Leather armour    ||    27
Dodge: Dodged            ||    56
